 Dungeon Crawl Stone Soup version 0.25.0-9-g26727b657a (webtiles) character file.

Game seed: 947394057654482928

4613 Esekla the Magician (level 10, -7/50 HPs)
             Began as a Vine Stalker Skald on June 16, 2020.
             Was a Priest of Vehumet.
             Splashed by an orc priest's acid (11 damage)
             ... on level 7 of the Dungeon.
             The game lasted 00:54:51 (7808 turns).

Esekla the Magician (Vine Stalker Skald)            Turns: 7808, Time: 00:54:51

Health: -7/50      AC:  3    Str: 14    XL:     10   Next: 42%
Magic:  0/20       EV: 13    Int: 16    God:    Vehumet [***...]
Gold:   176        SH:  0    Dex: 14    Spells: 8/21 levels left

rFire    . . .     SeeInvis .   M - +2 scimitar (flame)
rCold    . . .     Gourm    .   (no shield)
rNeg     . . .     Faith    .   L - +3 leather armour {MR+}
rPois    .         Spirit   +   H - +0 helmet
rElec    .         Reflect  .   (no cloak)
rCorr    .         Harm     .   (no gloves)
MR       ++...                  (no boots)
Stlth    +.........             I - amulet of magic regeneration
HPRegen  0.56/turn              (no ring)
MPRegen  0.42/turn              (no ring)

@: corroded
A: fangs 3, regeneration 1, magic shield, antimagic bite, no potion heal 3, rot
immunity
a: Renounce Religion


You were on level 7 of the Dungeon.
You worshipped Vehumet.
Vehumet was most pleased with you.
You were not hungry.

You visited 2 branches of the dungeon, and saw 9 of its levels.
You also visited: Ossuary.

You collected 329 gold pieces.
You spent 153 gold pieces at shops.

Inventory:

Hand Weapons
 z - a +4 trident of freezing
 K - a +3 dagger of electrocution
 M - a +2 scimitar of flaming (weapon)
Missiles
 l - 7 javelins
 r - 4 boomerangs
 v - 22 poisoned darts (quivered)
Armour
 t - a +2 ring mail of cold resistance
 H - a +0 helmet (worn)
 L - a +3 leather armour of magic resistance (worn)
Jewellery
 I - an amulet of magic regeneration (around neck)
Wands
 k - a wand of polymorph (19)
 F - a wand of random effects (30)
 G - a wand of acid (7)
 J - a wand of flame (20)
Scrolls
 b - 3 scrolls of remove curse
 c - 6 scrolls of teleportation
 f - a scroll of enchant armour
 m - 4 scrolls of enchant weapon {unknown}
 o - a scroll of noise {unknown}
 q - 3 scrolls of identify
 s - 2 scrolls of fear
 x - a scroll of holy word {unknown}
 y - 3 scrolls of magic mapping
 C - 2 scrolls of blinking
 E - a scroll of amnesia {unknown}
Potions
 a - a potion of mutation {unknown}
 e - 2 potions of curing
 h - 4 potions of flight
 i - 3 potions of might {unknown}
 j - a potion of degeneration {unknown}
 n - 5 potions of brilliance
 p - 3 potions of lignification {unknown}
 u - a potion of berserk rage {unknown}
 A - a potion of resistance {unknown}
 B - 3 potions of invisibility {unknown}
 D - a potion of haste {unknown}
Comestibles
 d - 15 rations
 O - 2 chunks of flesh


   Skills:
 + Level 4.2 Fighting
 + Level 6.0(6.3) Short Blades
 + Level 2.3(4.5) Long Blades
 + Level 3.5 Armour
 + Level 4.0 Dodging
 + Level 0.2 Unarmed Combat
 * Level 6.2 Spellcasting
 * Level 1.9 Conjurations
 * Level 2.3 Hexes
 + Level 4.2 Charms
 + Level 4.8 Translocations
 * Level 2.1 Fire Magic
 * Level 5.1 Ice Magic


You had 8 spell levels left.
You knew the following spells:

 Your Spells              Type           Power        Failure   Level  Hunger
a - Apportation           Tloc           ###...       2%          1    None
b - Infusion              Chrm           ###.         3%          1    None
c - Corona                Hex            ##.....      6%          1    None
d - Conjure Flame         Conj/Fire      ##......     6%          3    ##.....
g - Shroud of Golubria    Chrm/Tloc      ###...       3%          2    None
s - Song of Slaying       Chrm           ###.....     4%          2    None
z - Ozocubu's Armour      Chrm/Ice       ###.....     7%          3    ##.....

Your spell library contained the following spells:

 Spells                   Type           Power        Failure   Level  Hunger
 Hailstorm                Conj/Ice       ###.....     11%         4    ####...
 Sandblast                Erth           #.....       4%          1    None
 Stone Arrow              Conj/Erth      #.....       9%          3    ##.....
 Spectral Weapon          Hex/Chrm       ###.....     13%         3    ##.....
 Animate Skeleton         Necr           N/A          17%         1    None
 Summon Small Mammal      Summ           #...         17%         1    None
 Passwall                 Tmut/Erth      #.......     26%         2    None
 Lee's Rapid Deconstruct  Erth           #.........   71%         5    #####..
 Petrify                  Tmut/Erth      #.......     86%         4    ####...


Dungeon Overview and Level Annotations

Branches:
Dungeon (8/15)             Temple (1/1) D:4         Ossuary (visited)
   Lair: D:8-11

Altars:
Ashenzari
Dithmenos
Fedhas
Makhleb
Vehumet
Xom
The Shining One

Shops:
D:8 *

Annotations:
D:4 2 runed translucent doors, GordonOverkill's ghost, amateur DgWr


Innate Abilities, Weirdness & Mutations

You have razor-sharp teeth.
Your natural rate of healing is unusually fast.
When hurt, damage is shared between your health and your magic reserves.
Your bite disrupts and absorbs the magic of your enemies.
Potions cannot restore your health.
You are immune to rotting.


Message History

You climb upwards.
There is a stone staircase leading down here.
You closely miss the orc priest. You bite the orc priest. You drain its power.
You feel invigorated.
The orc priest is lightly wounded.
The orc priest misses you.
You completely miss the orc priest.
The orc priest is lightly wounded.
The orc priest hits you but does no damage.
You barely miss the orc priest. You bite the orc priest. You drain its power.
You feel invigorated.
The orc priest is heavily wounded.
The orc priest hits you with a +0 club.
* * * LOW HITPOINT WARNING * * *
You hit the orc priest. You burn the orc priest.
The orc priest is severely wounded.
The orc priest zaps a wand.
The bolt of acid hits you!
* * * LOW HITPOINT WARNING * * *
The acid corrodes you!
You are splashed with acid!
You die...

#########........#.##.#
#
..[.....#.######.#.##.#
# ....###.#.#
#.#.##.###########
....#.#.#.#
####.#.##..........(.
..(.#.#.#.#
#<...#.##############
....#.#.#.########.###
....>..<.............#
###.#.#..#######.o...#
...............(@....#
###.#.#.#.######[..###
#.#...#..## #..<#
#.####....# #.[##
###.....[...# #..#
..(#####....####..#
...# ##.........#
...########.####..#
..................#


You could see an orc priest.

Vanquished Creatures
  Erica (D:7)
  Grinder (D:4)
  2 wraiths (Ossuary)
  A spriggan (D:7)
  Eustachio (D:4)
  A hungry ghost (D:8)
  Grum (D:8)
  2 orc warriors (D:7)
  2 ice beasts
  An ogre (D:4)
  2 phantoms (D:5)
  A necrophage (D:5)
  2 wolves (D:8)
  3 centaurs
  4 bullfrogs (D:6)
  A scorpion (D:6)
  4 wights (Ossuary)
  4 killer bees (D:7)
  2 howler monkeys (D:7)
  A crimson imp (D:7)
  A bullfrog zombie (D:5)
  6 hounds
  4 orc priests
  A gnoll shaman (D:7)
  A quasit (D:7)
  3 orc wizards
  Natasha (thrice) (D:2)
  An iguana (D:5)
  4 worker ants
  A hound zombie (D:5)
  A hound skeleton (D:5)
  A worker ant zombie (D:6)
  9 adders
  14 gnolls
  2 shadow imps
  An adder skeleton (D:4)
  2 worms
  3 dart slugs
  4 leopard geckos
  33 orcs
  A bat (D:1)
  A giant cockroach (D:3)
  5 goblins
  7 hobgoblins
  18 jackals
  9 kobolds
  3 quokkas
  A ball python skeleton (Ossuary)
  8 frilled lizards
  2 hobgoblin skeletons (Ossuary)
  2 hobgoblin zombies (Ossuary)
  A kobold zombie (Ossuary)
  2 orc skeletons (Ossuary)
  2 quokka skeletons
  7 rats
201 creatures vanquished.

Notes
Turn   | Place    | Note
-------+----------+-------------------------------------------
     0 | D:1      | Esekla the Vine Stalker Skald began the quest for the Orb.
     0 | D:1      | Reached XP level 1. HP: 11/11 MP: 4/4
   162 | D:1      | Reached XP level 2. HP: 15/15 MP: 6/6
   245 | D:2      | Learned a level 2 spell: Shroud of Golubria
   248 | D:2      | Learned a level 2 spell: Song of Slaying
   420 | D:2      | Reached XP level 3. HP: 3/18 MP: 2/8
   992 | D:1      | You fall into a shaft and drop 1 floor!
  1054 | D:3      | Reached skill level 1 in Armour
  1159 | D:3      | Learned a level 3 spell: Ozocubu's Armour
  1229 | D:3      | Gained mutation: Your natural rate of healing is unusually
                  | fast. [Vine Stalker growth]
  1229 | D:3      | Reached XP level 4. HP: 18/23 MP: 9/9
  1364 | D:3      | Reached skill level 1 in Translocations
  1398 | D:3      | Reached skill level 1 in Short Blades
  1449 | D:4      | Reached XP level 5. HP: 26/26 MP: 7/10
  1528 | D:4      | Noticed an ogre
  1550 | D:4      | Killed an ogre
  1550 | D:4      | Reached skill level 1 in Ice Magic
  1550 | D:4      | Reached XP level 6. HP: 29/30 MP: 1/12
  1652 | D:4      | Noticed an ice beast
  1736 | D:4      | Found a staircase to the Ecumenical Temple.
  1745 | Temple   | Entered the Ecumenical Temple
  1750 | Temple   | Became a worshipper of Vehumet
  1760 | D:4      | Killed an ice beast
  2233 | D:2      | Learned a level 1 spell: Apportation
  2235 | D:2      | Learned a level 1 spell: Corona
  2244 | D:2      | Found a faded altar of an unknown god.
  2245 | D:2      | Noticed Natasha
  2254 | D:2      | Killed Natasha
  2483 | D:2      | Noticed Natasha
  2489 | D:2      | Killed Natasha
  2586 | D:3      | Reached XP level 7. HP: 18/35 MP: 9/13
  2971 | D:2      | Noticed Natasha
  3036 | D:2      | Killed Natasha
  3145 | D:4      | Found a large runed translucent door.
  3146 | D:4      | Found a large runed translucent door.
  3152 | D:4      | Noticed GordonOverkill's ghost (amateur DgWr)
  3202 | D:4      | Noticed Eustachio
  3234 | D:4      | Killed Eustachio
  3281 | D:4      | Reached * piety under Vehumet
  3281 | D:4      | Offered knowledge of Freeze by Vehumet.
  3461 | D:4      | Noticed Grinder
  3467 | D:4      | Paralysed by Grinder for 7 turns
  3476 | D:4      | Paralysed by Grinder for 3 turns
  3483 | D:4      | Killed Grinder
  3483 | D:4      | Gained mutation: You have razor-sharp teeth. [Vine Stalker
                  | growth]
  3483 | D:4      | Reached XP level 8. HP: 32/39 MP: 15/15
  3819 | D:5      | Entered Level 5 of the Dungeon
  3820 | D:5      | Found a sand-covered staircase.
  3845 | Ossuary  | Entered an ossuary
  3975 | Ossuary  | Noticed a wraith
  3975 | Ossuary  | Noticed a flying skull
  3982 | Ossuary  | Noticed a flying skull
  3987 | Ossuary  | Noticed a wraith
  4002 | Ossuary  | Killed a wraith
  4103 | Ossuary  | Noticed a flying skull
  4105 | Ossuary  | Noticed a flying skull
  4109 | Ossuary  | Noticed a wraith
  4127 | Ossuary  | Killed a wraith
  4198 | Ossuary  | Noticed a flying skull
  4342 | D:5      | Found a blossoming altar of Fedhas.
  4480 | D:5      | Found a shadowy altar of Dithmenos.
  4662 | D:5      | Reached skill level 5 in Spellcasting
  4662 | D:5      | Reached XP level 9. HP: 44/44 MP: 17/17
  5305 | D:5      | Reached ** piety under Vehumet
  5305 | D:5      | Offered knowledge of Foxfire by Vehumet.
  5753 | D:6      | Reached skill level 5 in Short Blades
  6115 | D:7      | Offered knowledge of Conjure Flame by Vehumet.
  6188 | D:7      | Learned a level 3 spell: Conjure Flame
  6575 | D:8      | Noticed Grum
  6579 | D:8      | Reached skill level 1 in Hexes
  6587 | D:8      | Killed Grum
  6587 | D:8      | Reached *** piety under Vehumet
  6596 | D:8      | Reached XP level 10. HP: 35/49 MP: 14/19
  6608 | D:8      | Reached skill level 1 in Conjurations
  6608 | D:8      | Reached skill level 1 in Fire Magic
  6612 | D:8      | Found Itowygih's Assorted Antiques.
  6679 | D:8      | Bought a triangular malachite amulet for 130 gold pieces
  6679 | D:8      | Bought an inky potion for 23 gold pieces
  6765 | D:8      | Found a shimmering altar of Xom.
  6885 | D:8      | Noticed Erica
  6987 | D:7      | Offered knowledge of Hailstorm by Vehumet.
  7303 | D:7      | Reached skill level 5 in Ice Magic
  7772 | D:7      | Killed Erica
  7808 | D:7      | Splashed by an orc priest's acid

Illustrated notes

Levels and vault maps discovered:
D:1:      lightli_arrival_windingriver, layout_basic, minmay_misc_feat_iff
D:2:      layout_basic, chequers_ecumenical_altar_simple, uniq_natasha
D:3:      layout_loops_ring, first_ration, hangedman_decor_riveting
D:4:      layout_basic, minmay_temple_entry_statues_pillars,
          ebering_ghost_disaster_area, st_stairs_5,
          minmay_a_box_with_orc_wizards_in_it, uniq_eustachio, uniq_grinder
D:5:      layout_layer_cave, grunt_dithmenos_smoke,
          nicolae_ossuary_entry_monument, fedhas_altar_1
D:6:      layout_rooms
D:7:      layout_basic, the_bakery
D:8:      layout_basic, tgw_xom, serial_shops, nicolae_shop_overgrown_old_shop,
          uniq_erica, uniq_grum
Temple:   regret_index_temple_chain_breaker

Skill      XL: |  1  2  3  4  5  6  7  8  9 10 |
---------------+-------------------------------+-----
Long Blades    | 2 |  2.3
Fighting       | 2 3 4 |  4.2
Armour         | 1 2 3 |  3.5
Spellcasting   | 3 4 5 6 |  6.2
Translocations | 1 2 3 4 |  4.8
Short Blades   | 1 2 3 4 5 6 |  6.0
Dodging        | 2 3 4 |  4.0
Ice Magic      | 1 2 3 4 5 |  5.1
Hexes          | 1 2 |  2.3
Charms         | 4 |  4.2
Conjurations   | 1 |  1.9
Fire Magic     | 2 |  2.1
Unarmed Combat | |  0.2

Action                   |  1- 3 |  4- 6 |  7- 9 | 10-12 || total
-------------------------+-------+-------+-------+-------++-------
Melee: Falchion          |    28 |       |       |       ||    28
       Bite              |    15 |    27 |    91 |    21 ||   154
       Short sword       |    64 |   112 |   379 |    35 ||   590
       Unarmed           |       |       |     5 |       ||     5
       Dagger            |       |       |       |    67 ||    67
       Scimitar          |       |       |       |     4 ||     4
Throw: Boomerang         |       |     1 |     2 |       ||     3
       Dart              |       |       |     1 |     2 ||     3
 Cast: Shroud of Golubri |     5 |     5 |    14 |     5 ||    29
       Song of Slaying   |     2 |     1 |     4 |     4 ||    11
       Ozocubu's Armour  |       |       |     2 |     1 ||     3
       Corona            |       |       |       |     2 ||     2
  Use: Scroll            |       |    11 |       |     4 ||    15
       Potion            |       |       |     1 |       ||     1
 Stab: Sleeping          |     1 |       |     1 |       ||     2
  Eat: Chunk             |     1 |     5 |    14 |     3 ||    23
       Ration            |       |       |     1 |       ||     1
Armor: Leather armour    |    21 |    13 |    99 |    27 ||   160
Dodge: Dodged            |    47 |    53 |   233 |    50 ||   383
       Rpst.: Falchion   |     5 |       |       |       ||     5
